Cogmind - Beta 13 @@@ ROGUE MODE // 2024.04.04 @ 16:38:57 Player: Munno Result: Destroyed by S-10 Pest with Light Assault Rifle Performance ------------- Evolutions (1) 500 Regions Visited (2) 400 Robots Destroyed (26) 130 Value Destroyed (682) 682 Prototype IDs (0) 0 Alien Tech Used (0) 0 Bonus (0) 0 TOTAL SCORE: 1712 Bonus ------- None Cogmind --------- Core Integrity 0/400 Matter 268/300 Energy 265/265 System Corruption 18% Temperature Cool (6) Movement Core (200) Ox3 Location -9/Materials Parts ------- > --- POWER (1) -------- Reinforced Ion Engine > --- PROPULSION (2) --- (None) > --- UTILITY (4) ------ (None) > --- WEAPON (2) ------- (None) > --- INVENTORY (5) ---- Small Storage Unit Sensor Array Signal Interpreter Assault Rifle Peak State ------------ > --- POWER ------------ Ion Engine > --- PROPULSION ------- Aluminum Leg Aluminum Leg > --- UTILITY ---------- Heat Sink Structural Scanner Visual Processing Unit Targeting Computer > --- WEAPON ----------- Small Laser Small Laser > --- INVENTORY -------- Small Storage Unit Signal Interpreter Assault Rifle [Rating: 10] Favorites ----------- Power Ion Engine Engine Ion Engine Propulsion Aluminum Leg Treads Light Treads Leg Aluminum Leg Flight Unit Flight Unit Utility Visual Processing Unit Device Structural Scanner Storage Small Storage Unit Processor Visual Processing Unit Protection Light Armor Plating Weapon Small Laser Energy Gun Small Laser Ballistic Gun Assault Rifle Special Melee Weapon Datajack Build | -11 -10 -9 ------- Run | Yrd Mat Mat Slots Evolved 2 | . . 2 Power . | . . . Propulsion . | . . . Utility 2 | . . 2 Weapon . | . . . Parts Attached 32 | 5 11 16 Power 9 | 1 4 4 Engine 9 | 1 4 4 Core . | . . . Reactor . | . . . Propulsion 7 | 2 1 4 Treads 1 | . . 1 Leg 4 | 2 1 1 Wheel . | . . . Hover . | . . . Flight 2 | . . 2 Utility 7 | . 3 4 Device 3 | . . 3 Storage 1 | . 1 . Processor 2 | . 2 . Hackware . | . . . Protection 1 | . . 1 Artifact . | . . . Weapon 9 | 2 3 4 Energy Gun 5 | . 2 3 Energy Cannon . | . . . Ballistic Gun 3 | 2 1 . Ballistic Cannon . | . . . Launcher . | . . . Special Weapon . | . . . Impact Weapon . | . . . Slashing Weapon . | . . . Piercing Weapon . | . . . Special Melee Weapon 1 | . . 1 Unidentified Prototypes . | . . . Parts Lost 14 | . 2 12 Power 1 | . . 1 Propulsion 4 | . 1 3 Utility 4 | . . 4 Weapon 5 | . 1 4 Highest Loss Streak 11 | . 2 11 To Critical Strikes . | . . . Average Slot Usage (%) 89 | . 94 79 Engine 12 | . 13 9 Leg 21 | . 27 9 Flight 2 | . . 6 Device 5 | . . 15 Storage 1 | . 1 . Processor 20 | . 22 17 Energy Gun 12 | . 9 18 Ballistic Gun 11 | . 17 . Naked Turns 3 | . . 3 Heaviest Build 14 | 6 14 14 Greatest Support 20 | 20 20 20 Greatest Overweight (x) 3 | . . 3 Average Overweight (x) . | . . . Largest Inventory Capacity 8 | 5 8 5 Average Capacity 5 | 5 5 5 Most Carried 5 | 1 5 5 Average Carried 3 | . 3 3 Final Capacity 5 | 5 5 5 Final Carried 5 | 1 5 4 Class Distribution -------------------- 56% | Mutant 43% | Scavenger-Mutant Dominant Class ---------------- Mutant | -10/Materials Scavenger-Mutant | -9/Materials Resources | -11 -10 -9 ----------- Run | Yrd Mat Mat Matter Collected 642 | 278 271 93 Remotely . | . . . Salvage Created 896 | 64 450 382 Parts 58 | 4 26 28 Haulers Intercepted . | . . . Recyclers Shooed . | . . . Parts Field Recycled . | . . . Retrieved Matter . | . . . Parts Self-Destructed . | . . . Prevented . | . . . Kills | -11 -10 -9 ------- Run | Yrd Mat Mat Combat Hostiles Destroyed 19 | 1 8 10 Guns 19 | 1 8 10 Classes Destroyed 6 | 2 1 3 Worker 3 | 1 2 . Watcher 4 | . 2 2 Swarmer 4 | . . 4 Grunt 13 | 1 8 4 Brawler 1 | . . 1 Sentry 1 | . . 1 Best Kill Streak 5 | 1 5 4 Combat Bots Only 4 | 1 4 3 Max Kills in Single Turn 2 | 1 2 1 Gunslinging 1 | . 1 . Exploded . | . . . Melee . | . . . Uniques/NPCs Destroyed . | . . . Combat | -11 -10 -9 -------- Run | Yrd Mat Mat Hostile Shots Fired 174 | 4 47 123 Missed 42 | 2 11 29 Damage Taken 1648 | 22 494 1132 Core 468 | . 68 400 Absorbed by Shields . | . . . Regen/Repaired (Parts) 11 | . 11 . Core Remaining (%) 86 | 100 72 . Volleys Fired 88 | 7 34 47 Largest 2 | 2 2 2 Hottest 96 | 40 80 96 Shots Fired 163 | 14 65 84 Gun 163 | 14 65 84 Cannon . | . . . Launcher . | . . . Special . | . . . Kinetic 70 | 14 56 . Thermal 93 | . 9 84 Explosive . | . . . Electromagnetic . | . . . Robot Hit Streak 19 | 3 19 10 Robot Miss Streak 6 | 2 2 6 Penetration Max . | . . . Secondary Targets 4 | . 2 2 Max Gunslinging Chain 1 | . 1 1 Shots Hit Robots 111 | 7 52 52 Core Hits 47 | 3 23 21 Critical Kills . | . . . Critical Parts Destroyed . | . . . Critical Strikes 1 | . . 1 Burn 1 | . . 1 Melee Attacks 1 | . . 1 Impact . | . . . Slashing . | . . . Piercing . | . . . Sneak Attacks . | . . . Combat Hostiles . | . . . Follow-up Attacks . | . . . Damage Inflicted 1355 | 69 678 608 Guns 1352 | 69 678 605 Cannons . | . . . Explosions . | . . . Melee . | . . . Ramming 3 | . . 3 Kinetic 679 | 69 610 . Thermal 673 | . 68 605 Explosive . | . . . Electromagnetic . | . . . Impact . | . . . Slashing . | . . . Piercing . | . . . Highest Corruption 18 | . . 18 Average Corruption 16 | . . 16 Corruption Purged . | . . . Corruption Blocked . | . . . Effects 5 | . . 5 Message Errors 1 | . . 1 Matter Fused 2 | . . 2 Parts Rejected 1 | . . 1 Misdirections 1 | . . 1 Overload Shots . | . . . Overflow Damage . | . . . Projectiles . | . . . Explosions . | . . . Melee . | . . . Knockbacks . | . . . Impact . | . . . Kinetic . | . . . Secondary . | . . . Self-Inflicted Damage 1 | . . 1 Shots . | . . . Rammed 2 | . . 2 Targets Rammed 2 | . . 2 Kicked . | . . . Crushed . | . . . Highest Temperature 228 | 6 36 228 Average Temperature 43 | 6 14 64 Received Heat Transfer 663 | 12 300 351 Siege Activations . | . . . Robots Corrupted . | . . . Combat Hostiles . | . . . Parts Fried . | . . . Impact Corruptions . | . . . Robots Melted . | . . . Combat Hostiles . | . . . Parts Melted 1 | . . 1 Heat Transferred 1632 | . 150 1482 Parts Sabotaged . | . . . Parts Stolen . | . . . Parts Stripped . | . . . Power Chain Reactions . | . . . Alert | -11 -10 -9 ------- Run | Yrd Mat Mat Peak Influence 257 | 25 215 257 Initial 16 | . 16 8 Average 89 | 10 76 148 Maximum Alert Level 1 | . 1 1 Low Security (%) 81 | 100 88 61 Level 1 18 | . 11 38 Level 2 . | . . . Level 3 . | . . . Level 4 . | . . . Level 5 . | . . . High Security . | . . . Max Security . | . . . Squads Dispatched 1 | . 1 . Investigation 1 | . 1 . Extermination . | . . . Reinforcement . | . . . Assault . | . . . Garrison . | . . . Intercept . | . . . Searches Triggered . | . . . Construction Impeded . | . . . Haulers Reinforced . | . . . Active Scanning Responses . | . . . Cargo Convoy Interrupts . | . . . Stealth | -11 -10 -9 --------- Run | Yrd Mat Mat Distress Signals 3 | . . 3 Communications Jammed . | . . . Distress Signals . | . . . Times Spotted 29 | 1 12 16 Peak Tracking Total 5 | 1 4 5 Tactical Retreats . | . . . Traps | -11 -10 -9 ------- Run | Yrd Mat Mat Traps Triggered . | . . . Indirectly . | . . . Trap Hack Attempts . | . . . Triggered . | . . . Disarmed . | . . . Reprogrammed . | . . . Reused . | . . . Traps Extracted . | . . . Installed . | . . . Triggered . | . . . Machines | -11 -10 -9 ---------- Run | Yrd Mat Mat Machines Disabled . | . . . Max in Single Turn . | . . . Machines Repaired . | . . . Machines Dismantled . | . . . Machines Sabotaged . | . . . Overloaded Fab Kills . | . . . Hacking | -11 -10 -9 --------- Run | Yrd Mat Mat Machines Accessed 3 | . 2 1 Terminals 2 | . 1 1 Fabricators . | . . . Repair Stations 1 | . 1 . Recycling Units . | . . . Scanalyzers . | . . . Garrison Access . | . . . Total Hacks 14 | . 9 5 Successful 9 | . 4 5 Failed 5 | . 5 . Catastrophic 1 | . 1 . Database Lockouts . | . . . Manual . | . . . Terminals 8 | . 3 5 Fabricators . | . . . Repair Stations 6 | . 6 . Recycling Units . | . . . Scanalyzers . | . . . Garrison Access . | . . . Terminal Hacks 7 | . 2 5 Record 4 | . 1 3 Emergency Access Points 1 | . 1 . Alert Level 1 | . . 1 Zone Layout 1 | . . 1 Fabricator Hacks . | . . . Repair Station Hacks 2 | . 2 . Scan Component 1 | . 1 . Repair 1 | . 1 . Recycling Unit Hacks . | . . . Scanalyzer . | . . . Garrison Access Hacks . | . . . Unauthorized Hacks . | . . . Terminals . | . . . Fabricators . | . . . Repair Stations . | . . . Recycling Units . | . . . Scanalyzers . | . . . Garrison Access . | . . . Data Cores Recovered . | . . . Used . | . . . Hacking Detections 3 | . 2 1 Full Trace Events 2 | . 2 . Feedback Events . | . . . Feedback Blocked . | . . . Robot Schematics Acquired . | . . . Robots Built . | . . . Authchips . | . . . Time . | . . . Total Robot Build Rating . | . . . Part Schematics Acquired . | . . . Parts Built . | . . . Authchips . | . . . Time . | . . . Total Part Build Rating . | . . . Parts Repaired 1 | . 1 . Time 26 | . 26 . Parts Recycled . | . . . Recycled Matter . | . . . Retrieved Matter . | . . . Retrieved Components . | . . . Parts Scanalyzed . | . . . Part Schematics Acquired . | . . . Parts Damaged . | . . . Bothacking | -11 -10 -9 ------------ Run | Yrd Mat Mat Used RIF Installer . | . . . Robots Hacked . | . . . Non-combat . | . . . Combat . | . . . Robot Hacks Applied . | . . . Relay Couplers Released . | . . . Fabnet Peak Effective % . | . . . Robots Rewired . | . . . Allies Hacked . | . . . Hacks Repelled . | . . . Allies | -11 -10 -9 -------- Run | Yrd Mat Mat Total Allies . | . . . Largest Group . | . . . Highest-Rated Group . | . . . Highest-Rated Ally . | . . . Total Orders . | . . . Ally Attacks . | . . . Total Damage . | . . . Kills . | . . . Allies Corrupted . | . . . Allies Melted . | . . . Intel | -11 -10 -9 ------- Run | Yrd Mat Mat Robot Analysis Total . | . . . Derelict Logs Recovered . | . . . Drone Launches . | . . . Drone Recoveries . | . . . Exploration | -11 -10 -9 ------------- Run | Yrd Mat Mat Turns Passed 905 | 128 505 272 Spaces Moved 518 | 92 287 139 Core 25 | 18 . 7 Treads 6 | . . 6 Legs 408 | 74 287 47 Wheels . | . . . Hover . | . . . Flight 79 | . . 79 Fastest Speed 37 | 50 120 37 Average Speed 104 | 106 120 72 Slowest Speed 200 | 120 120 200 Overloaded Moves . | . . . Propulsion Burnouts . | . . . Robots Hopped . | . . . Cave-ins Triggered . | . . . Exploration Rate (%) 17 | 7 27 19 Regions Visited 2 Branch Regions . Pre-discovered Areas . | . . . Known Exits Taken . | . . . Unknown Exits Taken 2 | 1 1 . Scrap Searched . | . . . Spaces Dug . | . . . Terrain Destroyed . | . . . Melee . | . . . Projectile . | . . . AOE . | . . . Terrain Rammed . | . . . Walls Destroyed . | . . . Machines Disabled . | . . . Actions | -11 -10 -9 --------- Run | Yrd Mat Mat Total 718 | 109 386 223 Wait 32 | . 32 . Move 516 | 91 286 139 Hop . | . . . Pick Up 30 | 6 15 9 Fast Attach 3 | . . 3 Attach 19 | 5 7 7 Detach 2 | . 1 1 Swap 10 | . 4 6 Drop 14 | . 7 7 Fire 88 | 7 34 47 Melee 1 | . . 1 Ram 3 | . . 3 Kick . | . . . Crush . | . . . Escape Stasis . | . . . Rewire . | . . . Trap . | . . . Miscellaneous . | . . . Route ------- -11/Scrapyard -10/Materials -9/Materials (discovered 1 exit: [*Min]) History --------- Turn | Location | Event 2 | -11/Scrapyard | Met Revision 17 67 | -11/Scrapyard | Discovered new exit (range 8) 129 | -11/Scrapyard | Entered Materials 301 | -10/Materials | Build established: Mutant 308 | -10/Materials | Repaired Ion Engine 483 | -10/Materials | Discovered new exit (range 17) 634 | -10/Materials | Entered another Materials area 634 | -9/Materials | Evolved 2 slots: Utility x2 753 | -9/Materials | Build established: Scavenger-Mutant 822 | -9/Materials | Discovered new exit (range 16) 850 | -9/Materials | System corruption reached 10% 868 | -9/Materials | Core integrity fell below 50% 901 | -9/Materials | Core integrity fell below 20% 906 | -9/Materials | Destroyed by S-10 Pest with Light Assault Rifle Last Messages --------------- UG=VW,UI%RQMZFNU>MRZCMP Flight Unit destroyed. K-01 Serf collects debris. Sml. Laser destroyed. Acquired Rnf. Ion Engine. Beam Rifle destroyed. Acquired 10 matter. W-16 Scout sends out distress signal. Acquired Lgt. Treads. Acquired Lgt. Armor Plating. System corrupted: Matter fused (-9). U-05 Engineer builds a Door. Acquired Sml. Laser. K-01 Serf collects debris. Lgt. Armor Plating destroyed. System corrupted: Lgt. Treads rejected. Sml. Laser destroyed. Slammed into S-10 Pest. R-06 Scavenger collects Aluminum Leg. Slammed into S-10 Pest. Map ----- +----------------------------------------------------+ | """ # ##?# #???????????????????????????????????? | | """ # ##?# ####????????????????????????????????? | | # #### ### ????????????????????????????????? | | ##### #### ### ??? ????????????????????????????? | | %% # ??? ????????????????????????????? | | *= + """ ????????????????????????????? | | = # """ ????????????????????????????? | | ######+####### # ?? ????????????????????????????? | | ## # # ?? ??? ##??????????????????????? | | ## """ """ # # "" ###?????????????????????? | | ## "Y """ # ####+####+#####???????????????????? | | ## """ """ # ###*%! ####???????????????????? | | + # ### ! ???????????????????? | | ## # ########???????????????? | | ## # ^ ########???????????????? | | ############## !^! ## ???????????????? | | ######=### !! ???????????????? | | # !!%[!## k < ??????????????? | | + """=[## ??????????????? | | # """ ## ##?????????????????????? | | # """ ## ""T"" ##?????????????????????? | | ## # """""ru##?????????????????????? | | ## """ + %!% ##?????????????????????? | | ## """ # =%u / ##?????????????????????? | | ## """ #+######/##Y s##?????????????????????? | | ## # #gu@##?????????????????????? | | ## # ?? # ##?????????????????????? | | ^ ## # ? #= ##?????????????????????? | | ########## # # ?????????????????????? | | ### # # # ?????????????????????? | | ##?????? # # u# ?????????????????????? | | ## ##?????? # # # ?????????????????????? | | ## ##?????? # # ; ?????????????????????? | | ?? ##?????? ########### # ?????????????????????? | | ?? ##?????? ########### # ?????????????????????? | | ?? ##?????????????????# # ????????????????????? | | ?????????????????????? # ???????????????????? | | ??????????????????????######?#???????????????????? | | ?????????????????????????????????????????????????? | | ?????????????????????????????????????????????????? | | ?????????????????????????????????????????????????? | | ?????????????????????????????????????????????????? | | ?????????????????????????????????????????????????? | | ?????????????????????????????????????????????????? | | ?????????????????????????????????????????????????? | | ?????????????????????????????????????????????????? | | ?????????????????????????????????????????????????? | | ?????????????????????????????????????????????????? | | ?????????????????????????????????????????????????? | | ?????????????????????????????????????????????????? | +----------------------------------------------------+ Best States ------------- Heat Dissipation 38 Energy Generation 12 Energy Capacity 265 Matter Stores 300 Matter Capacity 300 Sight Range 18 Terrain Scan Density 10 Armor Coverage 150 Evasion (%) 62 Targeting Accuracy 5 Recoil Reduction 1 Item Schematics ----------------- None Robot Schematics ------------------ None Fabricated ------------ Nothing Alien Tech Used ----------------- None Achievements -------------- Crack Shot One Hack Too Far Part-time Mechanic System Compromised Challenges ------------ None Game ------ Seed OpticalTrackerReactor Manual? 0 Play Time 00:26:57 Cumulative 1.8 hours Start 2024.04.04 @ 16:11:27 End 2024.04.04 @ 16:38:57 Sessions 1 Manual Loads 0 Difficulty Rogue Special Mode None Game No. 2 Rogue 2 Adventurer 0 Explorer 0 Win Type - Total 0 Types 0/0/0/0/0/0/0/0/0 Lore% 4 Gallery% 3 Achievement% 5 Wizard Run 0 Options --------- Layout 1 ASCII 0 Keyboard 0 Movement Mouse Keybinds 0 Fullscreen 1 Font 24/Smallcaps Map View 50x35 Zoom Use 0% Tactical HUD 0 Map Filters NONE Filters NONE Steam 0 RUN: 6bcb3aef-a162-45f9-b54c-75068f84ac0b